 Dungeon Crawl Stone Soup version 0.30-a0-782-ge64f9170bb (webtiles) character file.

Game seed: 7272434362160627613

77 Crownlay the Digger (level 4, -7/27 HPs)
             Began as an Octopode Earth Elementalist on Feb 28, 2023.
             Killed from afar by Natasha (9 damage)
             ... with a magic dart
             ... on level 2 of the Dungeon.
             The game lasted 00:01:39 (1264 turns).

Crownlay the Digger (Octopode Earth Elementalist)   Turns: 1264, Time: 00:01:40

Health: -7/27      AC:  0    Str:  7    XL:     4   Next: 33%
Magic:  2/8        EV: 19    Int: 19    God:
Gold:   64         SH:  0    Dex: 17    Spells: 7/8 levels left

rFire   . . .      SeeInvis .    (weapon currently unavailable)
rCold   . . .      Faith    .    (shield currently unavailable)
rNeg    . . .      Spirit   .    (helmet currently unavailable)
rPois   .          Reflect  .    (no amulet)
rElec   .          Harm     .    (ring currently unavailable)
rCorr   .          Rampage  .    (ring currently unavailable)
Will    .....                    (ring currently unavailable)
Stlth   ++                       (ring currently unavailable)
HPRegen 0.24/turn                (ring currently unavailable)
MPRegen 0.11/turn                (ring currently unavailable)
                                 (ring currently unavailable)
                                 (ring currently unavailable)

@: bat-form (expiring), flying, slowed, quick
A: fast, flying, no casting, almost no armour, (amphibious), (8 rings), tiny,
(camouflage 1), (gelatinous body 1), (nimble swimmer 1), (tentacles)
a: no special abilities


You were on level 2 of the Dungeon.
You were a bat.
You visited 1 branch of the dungeon, and saw 2 of its levels.

You collected 64 gold pieces.

Inventory:

Magical Staves
 i - a staff of death
Jewellery
 b - a +6 ring of strength (melded)
 g - a ring of magical power (melded)
Wands
 k - a wand of polymorph (9)
Scrolls
 c - a scroll of poison {unknown}
 d - 2 scrolls of magic mapping {unknown}
 e - a scroll of enchant weapon {unknown}
 f - 2 scrolls of identify {unknown}
 h - a scroll of vulnerability {unknown}
Potions
 a - a potion of magic
 j - a potion of curing {unknown}
 l - 2 potions of ambrosia {unknown}


   Skills:
 - Level 2.0 Dodging
 - Level 2.6 Stealth
 + Level 2.8 Spellcasting
 - Level 1.0 Transmutations
 * Level 4.4 Earth Magic


You had 7 spell levels left.
You knew the following spells:

 Your Spells              Type           Power      Damage    Failure   Level
a - Sandblast             Erth           38%        2d10      2%          1

Your spell library contained the following spells:

 Spells                   Type           Power      Damage    Failure   Level
 Passwall                 Tmut/Erth      10%        N/A       8%          2
 Stone Arrow              Conj/Erth      22%        3d8       19%         3
 Petrify                  Tmut/Erth      13%        N/A       45%         4


Dungeon Overview and Level Annotations

Branches:
Dungeon (2/15)

Altars:

Annotations:
D:2 Natasha


Innate Abilities, Weirdness & Mutations

You are a bat.
You are tiny and dextrous.
You move quickly.
You are flying.
Your equipment is almost entirely melded.
You are incapable of wielding weapons or throwing items.
You cannot cast spells.
You cannot wear most types of armour.
((You are amphibious.))
((You can wear up to eight rings at the same time.))
((Your skin changes colour to match your surroundings (Stealth+).))
((Your rubbery body absorbs attacks. (AC +1, EV +1)))
((You are camouflaged when in or above water. (Stealth+)))
((You have tentacles for arms and can constrict up to eight enemies at once.))


Message History

You hit Natasha but do no damage.
Natasha is severely wounded.
Natasha stares at you and mumbles some strange words.
You resist with some effort.
You hit Natasha.
Natasha is severely wounded.
You hit Natasha but do no damage.
Natasha is severely wounded.
Natasha wildly gestures.
Natasha glows brightly for a moment.
Natasha closely misses you.
The crimson imp blinks!
Sorry, you're not good enough to have a special ability.
You barely miss Natasha.
Natasha is severely wounded.
Natasha stares at you and mumbles some strange words.
You feel yourself slow down.
You can't do that in your present form.
Sorry, you're not good enough to have a special ability.
You barely miss Natasha.
Natasha is severely wounded.
Natasha claws you.
The crimson imp blinks!
Natasha misses you.
You closely miss Natasha.
Natasha is severely wounded.
Natasha stares at you and mumbles some strange words.
The magic dart hits you.
You barely miss Natasha.
Natasha is severely wounded.
Natasha misses you.
Natasha stares at you and mumbles some strange words.
The magic dart hits you!
The crimson imp blinks!
Natasha attacks as you move away! Natasha misses you.
Your transformation is almost over.
The crimson imp blinks!
There is an open door here.
Natasha attacks as you move away! Natasha closely misses you.
Natasha attacks as you move away! Natasha claws you!
* * * LOW HITPOINT WARNING * * *
Natasha casts a spell at you. The magic dart hits you!
You die...

.......#.#### ##.#.#......#
#......# #.#.#.#.##.# #......#
#.#.#.#.##.# #......#
#.#.#.#.##.# #######......#
#.#.#.#.##.# #.....#......###
##.#.#....#.#
#.....#.......ยง<
.....>......###.....#.........
##.#.#..........b.h.'..!......
#.#.#....#.###.....##5.......
#.#.##...#.###..)..##........
#.#.#....#>........##........
#.#.#.##.#.##......##..5.....
#.#.#.#)..........##.........
#.#......#.###....# ......###
#......#.# ###..# ......#
#......#.# ..#


You could see Natasha and a crimson imp (summoned).

Vanquished Creatures
  Natasha (D:2)
  3 worms (D:2)
  A dart slug (D:1)
  2 ball pythons (D:1)
  3 endoplasms (D:2)
  2 giant cockroaches (D:2)
  2 goblins
  5 hobgoblins (D:1)
  8 jackals (D:1)
  A quokka (D:1)
  A bat (D:2)
  3 frilled lizards (D:1)
  2 kobolds
  2 rats
36 creatures vanquished.

Notes
Turn   | Place    | Note
-------+----------+-------------------------------------------
     0 | D:1      | Crownlay the Octopode Earth Elementalist began the quest
                  | for the Orb.
     0 | D:1      | Reached XP level 1. HP: 11/11 MP: 3/3
   207 | D:1      | Reached XP level 2. HP: 17/17 MP: 1/5
   632 | D:1      | Reached XP level 3. HP: 18/21 MP: 2/6
   951 | D:2      | Found a faded altar of an unknown god.
  1009 | D:2      | Noticed Natasha
  1014 | D:2      | Reached skill level 4 in Earth Magic
  1017 | D:2      | Killed Natasha
  1018 | D:2      | Reached XP level 4. HP: 23/27 MP: 8/8
  1242 | D:2      | Noticed Natasha
  1263 | D:2      | HP: 1/27 [Natasha (10)]
  1264 | D:2      | Killed from afar by Natasha

Illustrated notes

Levels and vault maps discovered:
D:1:      eino_arrival_tree_alley, layout_basic, palyth_stone_intersect
D:2:      layout_basic, basic_altar, nicolae_ecumenical_pavilion,
          kennysheep_generic_room_6, uniq_natasha

Skill      XL: |  1  2  3 |
---------------+----------+-----
Earth Magic    | 4 |  4.4
Dodging        | |  2.0
Stealth        | |  2.6
Spellcasting   | |  2.8
Transmutations | |  1.0

Action                     |  1- 3 |  4- 6 || total
---------------------------+-------+-------++-------
  Melee: Unarmed           |    10 |    11 ||    21
         Constrict         |     4 |       ||     4
         Tentacles         |     4 |       ||     4
   Cast: Sandblast         |    39 |    10 ||    49
 Armour: Skin              |     1 |       ||     1
  Dodge: Dodged            |    33 |     8 ||    41

Table legend: (Time is in decaauts)
 A = Elapsed time spent in this place.
 B = Non-inter-level travel time spent in this place.
 C = Inter-level travel time spent in this place.
 D = Time resting spent in this place.
 E = Time spent auto-exploring this place.
 F = Levels seen in this place.
 G = Mean time per level.
                   A        B        C        D        E       F      G
               +--------+--------+--------+--------+--------+-----+--------+
         Total |   1287 |   1274 |     13 |      0 |   1067 |   2 |  643.5 |
       Dungeon |   1287 |   1274 |     13 |      0 |   1067 |   2 |  643.5 |
               +--------+--------+--------+--------+--------+-----+--------+

Top non-repeatable levels by time:
     D:1: 965 daAuts
     D:2: 322 daAuts
